 Dungeon Crawl Stone Soup version 0.30.0-15-g856e2d3f33 (webtiles) character file.

Game seed: 7394433493280988743

525 Lavandula the Cutter (level 7, -1/46 HPs)
             Began as a Barachi Enchanter on May 19, 2023.
             Was a Follower of Kikubaaqudgha.
             Splashed by a jelly's acid (8 damage)
             ... on level 5 of the Dungeon.
             The game lasted 00:08:57 (3535 turns).

Lavandula the Cutter (Barachi Enchanter)            Turns: 3535, Time: 00:08:57

Health: -1/46      AC: -13   Str:  9    XL:     7   Next: 23%
Magic:  11/11      EV: 17    Int: 17    God:    Kikubaaqudgha [*.....]
Gold:   276        SH:  0    Dex: 19    Spells: 4/12 levels left

rFire   + . .        r - +4 dagger (speed)
rCold   + . .        (no shield)
rNeg    . . .        a - +3 leather armour
rPois   .            (no helmet)
rElec   .            u - scarf {rC+ rF+}
rCorr   .            b - +0 pair of gloves
SInv    .            (no boots)
Will    .....        (no amulet)
Stlth   ++           g - +5 ring of evasion
HPRegen 0.27/turn    o - +6 ring of dexterity
MPRegen 0.12/turn

%: no passive effects
@: corroded, unable to hop, slow
A: amphibious, slowness 1, strong legs 1, +LOS
a: Hop, Renounce Religion, Unearth Wretches


You were on level 5 of the Dungeon.
You worshipped Kikubaaqudgha.
Kikubaaqudgha was aware of your devotion.
You visited 1 branch of the dungeon, and saw 5 of its levels.

You collected 276 gold pieces.

Inventory:

Hand Weapons
 r - a +4 dagger of speed (weapon)
Missiles
 m - 7 boomerangs
Armour
 a - a +3 leather armour (worn)
 b - a +0 pair of gloves (worn)
 d - a +0 cloak
 u - a scarf of resistance (worn)
Jewellery
 g - a +5 ring of evasion (left hand)
 o - a +6 ring of dexterity (right hand)
 s - an amulet of regeneration
Wands
 i - a wand of roots (9)
Scrolls
 c - a scroll of immolation {unknown}
 e - 2 scrolls of amnesia {unknown}
 f - 3 scrolls of teleportation
 j - 3 scrolls of torment {unknown}
 k - a scroll of vulnerability
 p - a scroll of fear
 t - a scroll of summoning {unknown}
Potions
 h - a potion of haste {unknown}
 l - a potion of degeneration {unknown}
 n - 3 potions of cancellation {unknown}
 q - a potion of ambrosia {unknown}


   Skills:
 + Level 6.5 Short Blades
 - Level 2.1 Dodging
 - Level 2.6 Stealth
 - Level 3.0 Spellcasting
 - Level 4.3 Hexes
 - Level 3.0 Evocations


You had 4 spell levels left.
You knew the following spells:

 Your Spells              Type           Power      Damage    Failure   Level
a - Ensorcelled Hibernat  Hex/Ice        18%        N/A       16%         2
b - Tukima's Dance        Hex            17%        N/A       13%         3
c - Confusing Touch       Hex            17%        N/A       13%         3

Your spell library contained the following spells:

 Spells                   Type           Power      Damage    Failure   Level
 Necrotise                Necr           8%         1d4       24%         1
 Dazzling Flash           Conj/Hex       18%        N/A       30%         3
 Portal Projectile        Hex/Tloc       18%        N/A       30%         3
 Cigotuvi's Dreadful Rot  Necr/Pois/Air  4%         N/A       36%         2
 Sublimation of Blood     Necr           2%         N/A       36%         2
 Animate Dead             Necr           2%         N/A       94%         4
 Blade Hands              Tmut           1%         N/A       100%        5
 Summon Forest            Summ/Tloc      1%         N/A       100%        5
 Eringya's Noxious Bog    Tmut/Pois      1%         N/A       100%        6
 Summon Hydra             Summ           1%         N/A       100%        7


Dungeon Overview and Level Annotations

Branches:
Dungeon (5/15)
 Temple: D:4-7

Altars:
Kikubaaqudgha
Nemelex Xobeh
Ru


Innate Abilities, Weirdness & Mutations

You are amphibious.
You cover ground slowly.
You can hop short distances.
You have an extended range of vision and can be seen from far away.


Message History

Press: ? - help, Shift-Dir - straight line, f - you The roots erupt in riotous growth!
The jelly is unaffected.
The jelly misses you.
Unknown command.
Unknown command.
Okay, then.
Hop to where?
Press: ? - help, Dir - move target Boing!
Throw: 7 boomerangs
Press: ? - help, Shift-Dir - straight line, f - jelly
Aim: a jelly (sparse dust, almost dead, 90% to hit)
You throw a boomerang.
The boomerang hits the jelly but does no damage.
The jelly is almost dead.
Throw: 7 boomerangs
Press: ? - help, Shift-Dir - straight line, f/p - jelly
Aim: a jelly (almost dead, 90% to hit)
You throw a boomerang.
The boomerang hits the jelly but does no damage.
The jelly is almost dead.
Throw: 7 boomerangs
Press: ? - help, Shift-Dir - straight line, f/p - jelly
Aim: a jelly (almost dead, 90% to hit)
You throw a boomerang.
The boomerang hits the jelly but does no damage.
The jelly is almost dead.
The jelly closely misses you.
You hit the jelly but do no damage.
Your hands burn!
* * * LOW HITPOINT WARNING * * *
The jelly is almost dead.
Unknown command.
You hit the jelly. The acid corrodes you!
Your hands burn!
* * * LOW HITPOINT WARNING * * *
The jelly is almost dead.
The jelly hits you.
* * * LOW HITPOINT WARNING * * *
The acid corrodes you!
You are splashed with acid!
You die...
Kikubaaqudgha rasps: "You have failed me!
Welcome... death!"

#.# #<#.# ###.# ##.#.#
....### ###...o## #####..
.......## #####.##
#......###. .......#
#......... #####..#
#....).# #####..#
#.....########.#
.......####...#.@J.......#
.............#.###########
.###.#######.### .#
#.........# ## ###########


You could see a jelly and an orc.

Vanquished Creatures
  Grinder (D:4)
  Menkaure (D:5)
  2 adders
  2 worms
  2 dart slugs
  6 orcs
  4 bats
  4 endoplasms
  3 giant cockroaches
  5 goblins
  7 hobgoblins
  4 kobolds
  3 quokkas
  4 ball pythons
  3 frilled lizards
  3 rats
54 creatures vanquished.

Vanquished Creatures (collateral kills)
  An ogre (D:4)
  An orc priest (D:4)
  An orc (D:4)
3 creatures vanquished.

Vanquished Creatures (others)
  An orc (D:4)
1 creature vanquished.

Grand Total: 58 creatures vanquished

Notes
Turn   | Place    | Note
-------+----------+-------------------------------------------
     0 | D:1      | Lavandula the Barachi Enchanter began the quest for the
                  | Orb.
     0 | D:1      | Reached XP level 1. HP: 13/13 MP: 3/3
   112 | D:1      | Reached skill level 2 in Short Blades
   206 | D:1      | Reached XP level 2. HP: 18/19 MP: 5/5
   209 | D:1      | Learned a level 2 spell: Ensorcelled Hibernation
   427 | D:1      | You fall into a shaft and drop 1 floor!
   497 | D:2      | Reached skill level 3 in Short Blades
   709 | D:2      | Reached XP level 3. HP: 15/24 MP: 6/6
   713 | D:2      | Learned a level 3 spell: Tukima's Dance
   746 | D:2      | Found a sacrificial altar of Ru.
   817 | D:2      | Identified the +9 spear of the Wraith {drain, rElec Stlth+}
  1338 | D:3      | Found a faded altar of an unknown god.
  1363 | D:3      | Prayed at the altar of an unknown god.
  1363 | D:3      | Became a worshipper of Kikubaaqudgha
  1363 | D:3      | Reached * piety under Kikubaaqudgha
  1363 | D:3      | Received a gift from Kikubaaqudgha
  1610 | D:3      | Found a sparkling altar of Nemelex Xobeh.
  1839 | D:3      | Reached skill level 4 in Short Blades
  2136 | D:4      | Reached XP level 4. HP: 30/30 MP: 7/7
  2349 | D:4      | Noticed Grinder
  2357 | D:4      | Paralysed by Grinder for 4 turns
  2373 | D:4      | Killed Grinder
  2374 | D:4      | Reached skill level 6 in Short Blades
  2374 | D:4      | Reached XP level 5. HP: 35/35 MP: 7/9
  2374 | D:4      | Reached XP level 6. HP: 41/41 MP: 7/10
  2378 | D:4      | Learned a level 3 spell: Confusing Touch
  3134 | D:5      | Entered Level 5 of the Dungeon
  3167 | D:5      | Noticed Menkaure
  3183 | D:5      | Killed Menkaure
  3184 | D:5      | Reached XP level 7. HP: 46/46 MP: 7/11
  3535 | D:5      | Splashed by a jelly's acid

Illustrated notes

Levels and vault maps discovered:
D:1:      matt_arrival_refuge, layout_loops_ring, serial_glass, glass_columns_c,
          glass_columns_a
D:2:      layout_loops_ring, basic_altar
D:3:      layout_basic, nemelex_diamond_rough_becter,
          shapermc_ecumenical_altar_mp_ritualfount, kennysheep_generic_room_6
D:4:      layout_gridville, uniq_grinder
D:5:      layout_loops_ring, grunt_qazlal_sundering, uniq_menkaure

Skill      XL: |  1  2  3  4  5  6  7 |
---------------+----------------------+-----
Short Blades   | 2 3 4 6 |  6.5
Spellcasting   | 3 |  3.0
Hexes          | 4 |  4.3
Evocations     | 2 3 |  3.0
Dodging        | |  2.1
Stealth        | |  2.6

Action                     |  1- 3 |  4- 6 |  7- 9 || total
---------------------------+-------+-------+-------++-------
  Melee: Dagger            |   145 |    66 |    30 ||   241
         Punch             |     2 |     1 |     1 ||     4
  Throw: Boomerang         |       |       |     3 ||     3
   Cast: Ensorcelled Hiber |     8 |     5 |       ||    13
         Tukima's Dance    |       |     3 |       ||     3
         Confusing Touch   |       |     2 |       ||     2
Ability: Hop               |     1 |       |     1 ||     2
  Evoke: Wand              |       |       |     1 ||     1
    Use: Potion            |     1 |     1 |       ||     2
         Scroll            |       |     6 |     1 ||     7
   Stab: Sleeping          |     9 |     2 |       ||    11
         Distracted        |     1 |       |       ||     1
         Invisible         |       |     3 |       ||     3
         Confused          |       |     1 |       ||     1
 Armour: Robe              |    15 |       |       ||    15
         Leather armour    |     1 |     7 |     4 ||    12
  Dodge: Dodged            |    91 |    53 |    13 ||   157
